Map: Catalyst LE

Players

Solar - Winner!

  • Race: Zerg Zerg
  • Spawn Location: 11:00

uThermal

  • Race: Terran Terran
  • Spawn Location: 5:00

Event: IEM Season 12 - Katowice

VOD

Have the link to the VOD?

Description

Time

  • Played on: March 1, 2018, 11:16 a.m.
  • Length: 14:43

All games in this series

Show
View Real Time Build Order
Export as new Build Order

Solar Zerg - Winner!

Build Orders: Hatch First 

Get SALT Encoding   

  12  0:02  Drone  
  13  0:12  Overlord  
  13  0:17  Drone  
  14  0:31  Drone x2  
  16  0:35  Drone  
  17  0:52  Hatchery  
  17  0:55  Drone  
  17  0:58  Drone  
  17  1:03  Extractor  
  17  1:13  Spawning Pool  
  17  1:17  Drone  
  17  1:20  Drone  
  18  1:29  Drone  
  19  1:39  Drone  
  20  1:49  Overlord  
  20  2:02  Queen  
  20  2:04  Queen  
  20  2:05  Zergling x4  
  20  2:07  Metabolic Boost  
  26  2:30  Spore Crawler  
  26  2:32  Hatchery  
  26  2:34  Drone  
  26  2:36  Drone  
  26  2:45  Drone  
  26  2:47  Drone x3  
  26  2:49  Drone  
  30  2:53  Extractor  
  29  2:59  Queen  
  29  3:03  Drone  
  33  3:07  Overlord  
  33  3:11  Drone  
  34  3:13  Drone  
  34  3:14  Drone  
  36  3:27  Drone x3  
  38  3:33  Drone  
  38  3:34  Drone, Overlord  
  41  3:41  Drone  
  42  3:42  Drone  
  42  3:44  Queen  
  42  3:46  Drone  
  46  3:48  Queen  
  46  3:51  Drone  
  46  3:52  Drone  
  46  3:53  Drone  
  46  3:55  Drone  
  52  3:57  Drone  
  52  3:59  Drone  
  54  4:04  Overlord  
  54  4:08  Drone x2  
  54  4:09  Zergling x4  
  58  4:15  Overlord  
  58  4:17  Lair  
  58  4:23  Roach Warren  
  58  4:24  Drone x2, Extractor  
  59  4:25  Extractor  
  59  4:28  Drone x3  
  59  4:31  Spore Crawler  
  59  4:33  Spore Crawler  
  59  4:34  Drone  
  59  4:35  Drone  
  59  4:36  Drone  
  60  4:38  Drone  
  60  4:40  Drone  
  60  4:44  Overlord  
  60  4:45  Drone x2  
  66  4:46  Drone  
  66  4:47  Drone  
  66  4:48  Overlord  
  66  4:51  Overlord  
  68  4:59  Overlord  
  68  5:00  Evolution Chamber x2  
  68  5:01  Overlord  
  68  5:04  Drone x2  
  68  5:05  Drone x2  
  68  5:06  Drone  
  71  5:08  Extractor  
  71  5:09  Extractor  
  71  5:11  Zergling x4  
  71  5:13  Drone  
  72  5:16  Drone x3  
  72  5:17  Glial Reconstitution  
  72  5:19  Overseer  
  72  5:21  Drone  
  76  5:23  Drone  
  76  5:28  Drone, Overlord  
  78  5:32  Zerg Missile Weapons Level 1, Zerg Ground Armor Level 1  
  78  5:37  Roach x2  
  78  5:38  Drone  
  83  5:43  Drone  
  83  5:44  Roach x3  
  83  5:47  Overlord  
  89  5:50  Roach x2  
  93  5:58  Roach x4  
  93  6:04  Overlord  
  101  6:07  Overlord  
  101  6:09  Ravager  
  101  6:10  Ravager x2  
  104  6:12  Roach, Hatchery  
  104  6:17  Roach x2  
  104  6:18  Roach x2  
  113  6:22  Roach x2  
  113  6:24  Roach x2  
  121  6:27  Roach  
  121  6:32  Roach x3  
  129  6:33  Overlord  
  129  6:36  Roach  
  129  6:37  Roach  
  129  6:39  Overlord  
  133  6:42  Roach x2  
  133  6:46  Overlord  
  137  6:47  Overlord  
  137  6:50  Overlord  
  137  6:55  Roach  
  137  6:56  Roach x3  
  137  6:58  Overlord  
  145  7:03  Roach x3  
  145  7:08  Roach x3  
  156  7:11  Ravager x2  
  156  7:12  Roach x2  
  156  7:13  Roach  
  164  7:18  Roach x2  
  168  7:23  Roach x2  
  168  7:26  Roach x2  
  176  7:32  Roach x3  
  176  7:33  Overlord  
  176  7:34  Overlord  
  176  7:36  Ravager  
  183  7:38  Overlord  
  183  7:39  Overlord  
  183  7:43  Ravager  
  184  7:45  Overlord  
  184  7:46  Overlord  
  182  7:52  Roach  
  182  7:53  Roach x2  
  169  8:02  Roach x3  
  169  8:03  Roach x3  
  157  8:05  Roach  
  157  8:06  Roach x4  
  157  8:12  Roach x2  
  157  8:14  Roach x2  
  157  8:18  Ravager  
  157  8:19  Zergling x2  
  148  8:20  Queen, Zergling x2  
  148  8:26  Ravager  
  152  8:27  Zergling x4  
  152  8:30  Ravager  
  152  8:32  Roach  
  155  8:36  Roach x3  
  159  8:41  Roach x2  
  159  8:42  Roach  
  159  8:43  Zergling x2  
  159  8:44  Zergling x10  
  159  8:45  Roach  
  173  8:52  Roach x2, Extractor  
  173  8:53  Zergling x4  
  176  8:58  Overseer  
  176  9:01  Zergling x6  
  177  9:03  Zerg Missile Weapons Level 2  
  177  9:05  Zergling x2  
  177  9:06  Overseer  
  177  9:07  Overlord  
  177  9:15  Zergling x8  
  177  9:21  Zerg Ground Armor Level 2, Zergling x2  
  177  9:22  Zergling x12  
  162  9:26  Drone  
  162  9:28  Roach x2, Baneling Nest  
  164  9:31  Queen  
  164  9:34  Roach  
  164  9:37  Roach  
  158  9:38  Roach  
  158  9:40  Zergling x2  
  158  9:44  Burrow  
  158  9:45  Drone x2  
  163  9:49  Tunneling Claws  
  162  9:54  Ravager  
  162  9:55  Zergling x6  
  167  10:00  Drone x4  
  167  10:05  Ravager x2  
  172  10:07  Zergling x8  
  172  10:10  Zergling x6  
  172  10:12  Ravager  
  172  10:14  Baneling x3  
  178  10:15  Zergling x2  
  178  10:19  Zergling x2  
  176  10:22  Zergling x8  
  176  10:23  Zergling x2  
  176  10:28  Zergling x2  
  171  10:29  Zergling x2  
  171  10:32  Ravager, Zergling x2  
  171  10:33  Zergling x10  
  171  10:34  Zergling x2  
  177  10:41  Baneling x7  
  178  10:42  Zergling x2  
  178  10:46  Baneling x4  
  178  10:47  Zergling x2  
  178  10:48  Zergling x2  
  180  10:50  Zergling x4  
  180  10:53  Zergling x6  
  179  11:00  Spore Crawler x2  
  179  11:01  Drone x2  
  179  11:05  Zergling x10  
  179  11:08  Infestation Pit  
  179  11:10  Centrifical Hooks  
  183  11:13  Baneling x3  
  183  11:17  Zergling x6  
  186  11:19  Zerg Melee Weapons Level 1  
  186  11:23  Zergling x2  
  186  11:24  Zergling x10  
  192  11:26  Baneling  
  192  11:27  Baneling x4  
  192  11:29  Zergling x4  
  194  11:33  Zergling x6  
  194  11:38  Zergling x6  
  200  11:45  Hive  
  199  11:49  Spire  
  198  11:56  Zergling x2  
  198  11:57  Baneling x2  
  199  12:05  Baneling x5  
  199  12:06  Baneling  
  199  12:08  Hatchery  
  190  12:31  Zergling x18  
  190  12:37  Zergling x4  
  199  12:42  Roach x5  
  199  12:43  Roach x3  
  200  12:55  Roach x4  
  199  12:59  Adrenal Glands  
  199  13:00  Ultralisk Cavern  
  199  13:04  Roach x4, Hatchery  
  196  13:06  Greater Spire  
  196  13:10  Zergling x2  
  196  13:11  Zergling x20  
  198  13:15  Roach x2  
  198  13:19  Viper  
  195  13:21  Zergling x10  
  195  13:25  Zergling x2  
  195  13:26  Roach x4, Zergling x2  
  200  13:33  Baneling x9  
  200  13:34  Baneling x2  
  193  13:46  Zergling x2  
  193  13:47  Zergling x12  
  199  13:53  Zergling x14  
  199  13:54  Zergling x10  
  199  13:55  Roach x4  
  171  13:58  Zergling x8  
  171  14:00  Baneling  
  171  14:01  Baneling  
  173  14:04  Baneling x4  
  173  14:05  Baneling x2  
  173  14:08  Baneling x5  
  173  14:13  Zergling x6  
  173  14:16  Zergling x2  
  173  14:17  Zergling x2  
  158  14:18  Zergling x2  
  158  14:19  Zergling x2  
  147  14:24  Zergling x2  
Show
View Real Time Build Order
Export as new Build Order

uThermal Terran 

Build Orders: Reaper Expand, Bio Tank 

Get SALT Encoding   

  12  0:01  SCV  
  13  0:13  SCV  
  14  0:17  Supply Depot  
  14  0:25  SCV  
  15  0:38  SCV  
  15  0:39  Barracks  
  16  0:44  Refinery  
  16  0:50  SCV  
  17  1:03  SCV  
  18  1:15  SCV  
  19  1:27  Reaper, Orbital Command  
  20  1:40  Command Center  
  20  1:51  Supply Depot  
  20  1:52  SCV  
  21  1:58  Marine  
  22  2:04  SCV  
  22  2:08  Factory  
  23  2:12  Refinery  
  23  2:16  SCV  
  23  2:20  Barracks Reactor  
  24  2:28  SCV  
  25  2:41  SCV  
  26  2:53  SCV, Starport  
  27  2:59  Orbital Command  
  27  3:03  Hellion x2  
  27  3:05  SCV  
  32  3:13  Supply Depot, Barracks Tech Lab  
  32  3:17  SCV  
  33  3:25  Hellion x2, SCV  
  38  3:29  SCV  
  39  3:37  Banshee  
  39  3:38  SCV  
  43  3:41  SCV  
  44  3:53  SCV, Command Center  
  44  3:55  SCV  
  46  3:58  Barracks Tech Lab  
  46  4:05  SCV  
  46  4:06  Factory Reactor  
  46  4:07  SCV  
  46  4:08  Supply Depot  
  46  4:09  Barracks  
  48  4:16  Marine  
  49  4:17  Stimpack  
  49  4:19  SCV x2  
  51  4:26  Barracks  
  50  4:31  SCV x2  
  50  4:35  Starport Reactor  
  50  4:37  Engineering Bay  
  52  4:40  Engineering Bay  
  52  4:45  Marine, Refinery  
  53  4:46  SCV x2, Refinery  
  55  4:58  SCV x2, Marine x2  
  55  4:59  Siege Tank  
  62  5:03  Supply Depot  
  62  5:05  Marine, Terran Infantry Weapons Level 1  
  63  5:09  Terran Infantry Armor Level 1  
  63  5:10  SCV  
  63  5:13  SCV  
  65  5:16  Marine  
  65  5:19  Marine  
  67  5:21  Marine x2  
  67  5:22  SCV  
  67  5:25  SCV  
  67  5:26  Supply Depot  
  71  5:31  Siege Tank  
  71  5:34  Orbital Command  
  71  5:35  SCV  
  75  5:37  SCV, Marine x2  
  75  5:41  Medivac  
  80  5:43  Medivac  
  80  5:47  SCV, Marine  
  80  5:48  Marine  
  80  5:49  SCV, Marine  
  87  5:55  Marine  
  88  5:57  Marine  
  88  5:59  SCV  
  88  6:00  Supply Depot, SCV  
  88  6:01  SCV  
  92  6:05  Marine  
  92  6:06  Supply Depot  
  93  6:13  Supply Depot  
  93  6:22  SCV x3, Siege Tank, Marine x2, Barracks x2  
  93  6:24  Combat Shields  
  101  6:27  Marine x2  
  103  6:33  Marine  
  103  6:34  SCV x3  
  103  6:36  Supply Depot  
  107  6:40  Marine, Armory  
  107  6:43  Marine  
  107  6:46  SCV x3  
  112  6:48  Factory, Refinery  
  112  6:49  Refinery  
  112  6:51  Medivac  
  112  6:54  Supply Depot, Medivac  
  113  6:58  SCV  
  119  7:02  Supply Depot  
  119  7:04  Marine x2  
  119  7:05  SCV x2  
  119  7:07  Marine  
  124  7:09  Marine  
  124  7:10  Barracks Reactor  
  124  7:11  Barracks Reactor  
  124  7:15  SCV, Marine  
  127  7:17  SCV  
  127  7:18  SCV  
  127  7:20  Siege Tank  
  127  7:22  Marine x2  
  131  7:27  Sensor Tower, Supply Depot  
  131  7:28  Terran Infantry Weapons Level 2  
  131  7:31  Terran Infantry Armor Level 2  
  131  7:32  Marine  
  131  7:35  Marine, Factory Tech Lab  
  131  7:36  SCV, Marine  
  135  7:40  Marine x2  
  137  7:47  Medivac x2  
  137  7:50  Marine x3  
  144  7:54  Marine  
  144  7:56  Marine x2  
  144  7:57  Marine  
  138  7:59  Marine  
  138  8:01  Marine  
  110  8:07  Marine x2  
  110  8:08  Marine  
  110  8:10  Siege Tank  
  110  8:11  Marine, Liberator  
  100  8:14  Marine x3  
  100  8:17  Marine, Liberator  
  100  8:19  Marine  
  87  8:20  Siege Tank  
  87  8:25  Marine x3  
  93  8:29  Marine  
  93  8:32  Marine x3  
  93  8:35  Marine  
  93  8:37  Marine  
  93  8:42  Siege Tank  
  93  8:43  Marine x3  
  93  8:47  Marine  
  99  8:50  Marine x3  
  99  8:53  Marine  
  99  8:55  Marine  
  99  9:01  Marine x3  
  95  9:05  Marine  
  95  9:08  Marine  
  91  9:13  Marine  
  91  9:14  Orbital Command  
  85  9:18  Orbital Command  
  85  9:20  Marine  
  85  9:22  Marine x2  
  80  9:27  Marine  
  81  9:34  Marine  
  81  9:36  Marine  
  81  9:37  Marine  
  84  9:42  Marine  
  85  9:47  Marine  
  85  9:50  Marine  
  86  9:55  Factory Tech Lab  
  86  10:00  Siege Tank  
  86  10:01  Marine  
  86  10:03  Marine  
  91  10:08  Marine x3  
  94  10:15  Siege Tank  
  94  10:19  Supply Depot  
  91  10:30  Marine x2  
  91  10:31  SCV  
  91  10:32  SCV  
  92  10:35  Supply Depot  
  92  10:39  SCV  
  92  10:41  Supply Depot, Siege Tank, Marine x2  
  98  10:46  SCV, Marine  
  98  10:49  Marine x2  
  101  10:54  Marine  
  101  10:57  Marine x2  
  101  11:00  Marine x2  
  106  11:04  Marine  
  106  11:07  Marine  
  106  11:08  Marine  
  106  11:10  Siege Tank  
  111  11:13  Marine  
  112  11:18  Marine  
  112  11:19  Supply Depot  
  112  11:23  Marine  
  114  11:27  Siege Tank  
  117  11:33  Supply Depot  
  117  11:40  Marine x2  
  117  11:43  Siege Tank  
  117  11:45  Marine x2  
  124  11:49  Marine  
  125  11:55  Marine x2  
  125  11:56  Marine  
  125  11:59  Siege Tank  
  131  12:01  Marine  
  131  12:04  Marine  
  131  12:06  Supply Depot  
  131  12:07  Medivac  
  135  12:14  Marine x2  
  137  12:21  Siege Tank, Marine  
  137  12:22  Marine  
  140  12:25  Marine  
  141  12:35  Supply Depot, Marine x2  
  141  12:36  Orbital Command  
  140  12:39  Marine  
  140  12:43  Marine  
  142  12:57  Siege Tank, Marine  
  143  13:05  Marine  
  143  13:06  Marine x2  
  144  13:16  Marine x3  
  144  13:18  Marine  
  141  13:27  Marine  
  141  13:28  Marine  
  141  13:30  Marine  
  140  13:43  Marine x2  
  141  13:51  Marine  
  141  13:54  Marine  
  119  13:59  Marine  
  120  14:08  Marine  
  106  14:17  Marine  

Tags
 
Add a new tag
Caveats
  • Supply blocks, unpowered buildings, or Contaminate may cause inaccurate times.
  • Supply counts are checked every 10 seconds.